 Dungeon Crawl Stone Soup version 0.26-a0-1020-ge47f559bc5 (webtiles) character file.

Game seed: 13021812243977274150

481 KristoblXynda the Ducker (level 6, -1/49 HPs)
             Began as a Spriggan Berserker on Dec 8, 2020.
             Was a Priest of Trog.
             Slain by a steam dragon (4 damage)
             ... on level 5 of the Dungeon.
             The game lasted 00:07:27 (6018 turns).

KristoblXynda the Ducker (Spriggan Berserker)       Turns: 6018, Time: 00:07:28

Health: -1/49      AC:  3    Str: 14    XL:     6   Next: 87%
Magic:  7/7        EV: 22    Int:  9    God:    Trog [***...]
Gold:   161        SH:  0    Dex: 16    Spells: 5/5 levels left

rFire    . . .     SeeInvis +   a - +0 short sword
rCold    . . .     Faith    .   (shield restricted)
rNeg     + . .     Spirit   .   b - +0 animal skin
rPois    .         Reflect  .   (helmet restricted)
rElec    .         Harm     .   q - +0 cloak
rCorr    .         Rampage  .   (gloves unavailable)
Will     +....                  (boots unavailable)
Stlth    ..........             (no amulet)
HPRegen  0.16/turn              l - ring of positive energy
MPRegen  0.10/turn              p - ring of stealth

@: berserking, very quick
A: very small, unfitting armour, see invisible, speed 3
a: Berserk, Trog's Hand, Renounce Religion


You were on level 5 of the Dungeon.
You worshipped Trog.
Trog was most pleased with you.
You visited 2 branches of the dungeon, and saw 6 of its levels.

You collected 200 gold pieces.
You spent 39 gold pieces at shops.

Inventory:

Hand Weapons
 a - a +0 short sword (weapon)
Armour
 b - a +0 animal skin (worn)
 q - a +0 cloak (worn)
Jewellery
 k - an uncursed ring of protection from fire
 l - a ring of positive energy (left hand)
 p - a ring of stealth (right hand)
Wands
 o - a wand of flame (16)
Scrolls
 e - a scroll of teleportation {unknown}
 g - a scroll of fear {unknown}
 j - a scroll of amnesia {unknown}
Potions
 c - a potion of magic
 d - 2 potions of flight
 f - a potion of haste {unknown}
 h - a potion of mutation {unknown}
 i - a potion of resistance
 n - 2 potions of curing


   Skills:
 + Level 3.9 Fighting
 + Level 5.2 Short Blades
 + Level 7.0 Dodging
 + Level 4.6 Stealth


You had 5 spell levels left.
You didn't know any spells.
Your spell library contained the following spells:

 Spells                   Type           Power        Failure   Level
 Sandblast                Erth           #.....       38%         1
 Passwall                 Tmut/Erth      #.......     52%         2
 Stone Arrow              Conj/Erth      #.....       77%         3
 Petrify                  Tmut/Erth      #.......     99%         4
 Lee's Rapid Deconstruct  Erth           #.........   100%        5


Dungeon Overview and Level Annotations

Branches:
Dungeon (5/15)             Temple (1/1) D:4

Altars:
Ashenzari
Cheibriados
Dithmenos
Elyvilon
Fedhas
Gozag
Hepliaklqana
Makhleb
Okawaru
Qazlal
Ru
Sif Muna
Trog
Uskayaw
Wu Jian
Xom
Yredelemnul
Zin
The Shining One

Shops:
D:4 *   D:5 *


Innate Abilities, Weirdness & Mutations

You are very small and have problems with some larger weapons.
You are too small for most types of armour.
You have supernaturally acute eyesight. (SInv)
You cover ground extremely quickly.


Message History

The steam dragon breathes steam at you. The ball of steam hits you!
* * * LOW HITPOINT WARNING * * *
You hear an angry hiss.
You hear a shout!
You hit the steam dragon.
The steam dragon is heavily wounded.
You are engulfed in a cloud of scalding steam.
* * * LOW HITPOINT WARNING * * *
You barely miss the steam dragon.
The steam dragon is heavily wounded.
You are engulfed in a cloud of scalding steam.
* * * LOW HITPOINT WARNING * * *
The steam dragon bites you.
* * * LOW HITPOINT WARNING * * *
The steam dragon completely misses you.
The steam dragon hisses angrily.
You hit the steam dragon.
The steam dragon is severely wounded.
The steam dragon bites you.
You die...

....###.# #.###....###^.#
.....##.# #. ##.#..#..P#
#.......# .# #.#..#^.P#
##......## ##.# #....#P.^#
#..###..###..# #...§#P.P##
#..###)..#...# #....#≈"PP#
#..##......#..####§.§.#≈.≈P##
#...).###..##...§§...##..≈..#
##..####
##.###.@§###.#≈^.P.≈# ...##
#..##.D## ###P≈..P≈# ....##
##......## ##......### ...(.#
#.####..###.D.......# .##>.#
###.# ##.....#####...## ..#
........## ##D.#...###....#
#.#..#####..# #.####..#......
#... ##.# #.# #...###..
##...# ##.# #.## #.### #..


You could see 2 steam dragons.

Vanquished Creatures
  A scorpion (D:4)
  A hound (D:4)
  2 orc wizards (D:3)
  An orc priest (D:5)
  Crazy Yiuf (D:4)
  A centaur skeleton (D:4)
  An iguana (D:5)
  A hound skeleton (D:5)
  7 gnolls (D:4)
  4 adders
  2 howler monkey skeletons
  2 oozes (D:1)
  An adder zombie (D:5)
  3 worms
  A dart slug (D:1)
  A leopard gecko (D:3)
  10 orcs
  9 bats
  5 giant cockroaches
  4 goblins
  6 hobgoblins
  2 quokkas
  A ball python (D:3)
  2 frilled lizards (D:4)
  11 kobolds
  9 rats
89 creatures vanquished.

Vanquished Creatures (others)
  11 fungi (D:5)
11 creatures vanquished.

Grand Total: 100 creatures vanquished

Notes
Turn   | Place    | Note
-------+----------+-------------------------------------------
     0 | D:1      | KristoblXynda the Spriggan Berserker began the quest for
                  | the Orb.
     0 | D:1      | Reached XP level 1. HP: 11/11 MP: 2/2
   405 | D:1      | Reached XP level 2. HP: 15/16 MP: 3/3
   607 | D:1      | Reached skill level 5 in Dodging
   898 | D:1      | Reached XP level 3. HP: 15/19 MP: 4/4
  2578 | D:3      | Reached skill level 1 in Stealth
  2578 | D:3      | Reached XP level 4. HP: 24/24 MP: 5/5
  2586 | D:3      | Reached ** piety under Trog
  2998 | D:3      | Reached XP level 5. HP: 28/28 MP: 6/6
  3089 | D:3      | Found a glowing golden altar of the Shining One.
  3210 | D:3      | Reached skill level 6 in Dodging
  3690 | D:4      | Found a staircase to the Ecumenical Temple.
  3719 | Temple   | Entered the Ecumenical Temple
  3994 | D:4      | Found Cile's General Store.
  4000 | D:4      | Bought a potion of curing for 39 gold pieces
  4391 | D:4      | Reached XP level 6. HP: 32/32 MP: 7/7
  4478 | D:4      | Found a white marble altar of Elyvilon.
  4997 | D:4      | Found a runed translucent door.
  4998 | D:4      | Noticed Crazy Yiuf
  5189 | D:4      | Killed Crazy Yiuf
  5190 | D:4      | Reached skill level 5 in Short Blades
  5380 | D:5      | Entered Level 5 of the Dungeon
  5429 | D:5      | Found an opulent altar of Gozag.
  5430 | D:5      | Found Gozag's Platinum Reserve.
  5535 | D:5      | Reached *** piety under Trog
  5794 | D:5      | Found a sacrificial altar of Ru.
  5931 | D:5      | Reached skill level 7 in Dodging
  5956 | D:5      | Noticed a steam dragon
  5958 | D:5      | Noticed a steam dragon
  6018 | D:5      | Slain by a steam dragon

Illustrated notes

Levels and vault maps discovered:
D:1:      saegor_arrival_simple_a, layout_basic
D:2:      layout_loops_ring, supply_closet_lemuel, chequers_serial_rivers_room_b
D:3:      layout_rooms, nicolae_tso_carved_into_rock
D:4:      layout_basic, elyvilon_altar_3, temple_pool_b, serial_glass,
          glass_columns_a, glass_columns_a, glass_columns_c, glass_columns_a,
          serial_shops, shop, uniq_crazy_yiuf_cottage
D:5:      kennysheep_steamy, layout_layer_cave, nicolae_gozag_zags_fifth_avenue,
          nicolae_ru_awakened_eye
Temple:   nicolae_temple_x_marks_the_god

Skill      XL: |  1  2  3  4  5  6 |
---------------+-------------------+-----
Dodging        | 5 6 7 |  7.0
Short Blades   | 4 5 |  5.2
Fighting       | 3 |  3.9
Stealth        | 1 2 3 4 |  4.6

Action                   |  1- 3 |  4- 6 || total
-------------------------+-------+-------++-------
Melee: Short sword       |   131 |   192 ||   323
Invok: Berserk           |     5 |     8 ||    13
  Use: Scroll            |       |     6 ||     6
 Stab: Sleeping          |     2 |     7 ||     9
       Distracted        |       |     1 ||     1
Armor: Animal skin       |    11 |    10 ||    21
Dodge: Dodged            |   121 |   116 ||   237

Table legend: (Time is in decaauts)
 A = Elapsed time spent in this place.
 B = Non-inter-level travel time spent in this place.
 C = Inter-level travel time spent in this place.
 D = Time resting spent in this place.
 E = Time spent auto-exploring this place.
 F = Levels seen in this place.
 G = Mean time per level.
                   A        B        C        D        E       F      G
               +--------+--------+--------+--------+--------+-----+--------+
         Total |   4840 |   4799 |     41 |   2228 |   1858 |   6 |  806.7 |
       Dungeon |   4804 |   4767 |     37 |   2228 |   1828 |   5 |  960.8 |
        Temple |     35 |     31 |      4 |      0 |     30 |   1 |   35.0 |
               +--------+--------+--------+--------+--------+-----+--------+

Top non-repeatable levels by time:
     D:4: 1348 daAuts
     D:2: 1262 daAuts
     D:1: 967 daAuts
     D:3: 738 daAuts
     D:5: 487 daAuts
  Temple: 35 daAuts
